 Dungeon Crawl Stone Soup version 0.31-a0-237-g2d982f9f85 (webtiles) character file.

Game seed: 456607675274128941

1248 qw the Skirmisher (level 8, -5/49 HPs)
             Began as a Gargoyle Hexslinger on July 10, 2023.
             Killed from afar by a steam dragon (13 damage)
             ... with a ball of steam
             ... on level 5 of the Dungeon.
             The game lasted 00:01:41 (3995 turns).

qw the Skirmisher (Gargoyle Hexslinger)             Turns: 3995, Time: 00:01:42

Health: -5/49      AC: 16    Str: 11    XL:     8   Next: 50%
Magic:  9/9        EV: 15    Int: 18    God:
Gold:   293        SH:  0    Dex: 14    Spells: 8/9 levels left

rFire   . . .        Y - +1 sling (flame)
rCold   . . .        (no shield)
rNeg    + + .        j - +0 ring mail
rPois   inf          a - +0 helmet {Int+3}
rElec   +            (no cloak)
rCorr   .            d - +0 pair of gloves
SInv    .            h - +0 pair of boots
Will    .....        (no amulet)
Stlth   +            e - ring of positive energy
HPRegen 0.28/turn    f - +5 ring of evasion
MPRegen 0.11/turn

%: no passive effects
@: about to teleport
A: sickness immunity, AC +5, negative energy resistance 1, electricity
resistance, torment resistance 1, petrification resistance, iridescent scales 1
a: no special abilities


You were on level 5 of the Dungeon.
You visited 2 branches of the dungeon, and saw 6 of its levels.

You collected 293 gold pieces.


Innate Abilities, Weirdness & Mutations

You are immune to sickness and miasma.
Your stone body is resilient. (AC +5)
You are immune to poison.
You resist negative energy. (rN+)
You are resistant to electric shocks. (rElec)
You are resistant to unholy torment.
You are immune to petrification.
You are partially covered in iridescent scales. (AC +2)


   Skills:
 - Level 5.1 Fighting
 + Level 8.8 Ranged Weapons
 - Level 2.1 Armour
 - Level 1.5 Dodging
 - Level 1.0 Spellcasting
 - Level 2.6 Hexes


You had 8 spell levels left.
You knew the following spells:

 Your Spells              Type           Power      Damage    Failure   Level
a - Slow                  Hex            40%        N/A       16%         1

Your spell library contained the following spells:

 Spells                   Type           Power      Damage    Failure   Level
 Inner Flame              Hex/Fire       5%         N/A       63%         3
 Portal Projectile        Hex/Tloc       10%        N/A       63%         3
 Cause Fear               Hex            5%         N/A       83%         4

Inventory:

Hand Weapons
 Y - a +1 sling of flaming (weapon)
Armour
 a - a +0 helmet of intelligence (worn)
 d - a +0 pair of gloves (worn)
 h - a +0 pair of boots (worn)
 j - a +0 ring mail (worn)
Jewellery
 b - a ring of fire
 e - a ring of positive energy (left hand)
 f - a +5 ring of evasion (right hand)
Scrolls
 g - a scroll of identify
 l - 2 scrolls of teleportation
 n - a scroll of vulnerability {unknown}
Potions
 c - 3 potions of mutation
 i - a potion of heal wounds
 k - a potion of curing
 m - a potion of lignification {unknown}
 o - a potion of enlightenment {unknown}

Dungeon Overview and Level Annotations

Branches:
Dungeon (5/15)             Temple (1/1) D:4

Altars:
Ashenzari
Dithmenos
Elyvilon
Gozag
Kikubaaqudgha
Makhleb
Nemelex Xobeh
Qazlal
Ru
Sif Muna
Uskayaw
Vehumet
Xom
Zin
The Shining One

Shops:
D:2 :


Message History

The sling bullet closely misses the steam dragon.
The steam dragon bites you but does no damage.
The steam dragon misses you.
You shoot a sling bullet.
The sling bullet hits the steam dragon but does no damage.
The steam dragon is moderately wounded.
The steam dragon breathes steam at you. The ball of steam misses you.
You shoot a sling bullet.
The sling bullet closely misses the steam dragon.
You are engulfed in a cloud of scalding steam.
The steam dragon misses you. x2; The steam dragon bites you.
The steam dragon claws you but does no damage.
You shoot a sling bullet.
The sling bullet closely misses the steam dragon.
The steam dragon barely misses you. The steam dragon closely misses you.
You shoot a sling bullet.
The sling bullet closely misses the steam dragon.
The steam dragon breathes steam at you. The ball of steam hits you!
You shoot a sling bullet.
The sling bullet barely misses the steam dragon.
You are engulfed in a cloud of scalding steam.
The steam dragon closely misses you. The steam dragon misses you.
You shoot a sling bullet.
The sling bullet barely misses the steam dragon.
You are engulfed in a cloud of scalding steam.
The steam dragon breathes steam at you. The ball of steam hits you!!
You shoot a sling bullet.
The sling bullet barely misses the steam dragon.
You are engulfed in a cloud of scalding steam.
The steam dragon bites you.
The steam dragon claws you but does no damage.
3995 ||| READING 3 scrolls of teleportation.
As you read the scroll of teleportation, it crumbles to dust.
You feel strangely unstable. The steam dragon breathes steam at you.
The ball of steam hits you!
You die...

.... # # .... .#. #...
#.# ..# #.# ... # #.#
#.# # #.# ##D##
#####.#### ##.@.##
#........# ##..¤¤.##
#.###..#.# ##.....¤.#
#.###....###...¤¤.¤.>#
...........'.........+
#.##.....###....¤....#
#.##...### ##.......##
#.##..## ##.....##
#...... ##...##


You could see a steam dragon (catching breath).

Vanquished Creatures
  Pikel (D:5)
  An ice beast (D:5)
  An ogre (D:5)
  A phantom (D:4)
  A kobold brigand (D:4)
  A vampire bat (D:4)
  2 hounds
  An orc priest (D:3)
  A sleepcap (D:5)
  2 iguanas (D:5)
  Natasha (twice) (D:2)
  4 gnolls (D:4)
  2 adders (D:2)
  A white imp (D:5)
  3 worms
  8 dart slugs
  7 orcs
  2 bat skeletons (D:4)
  3 bat zombies (D:4)
  5 endoplasms
  A giant cockroach (D:2)
  9 hobgoblins
  4 jackals
  5 kobolds
  2 quokkas
  7 ball pythons
  5 bats
  2 frilled lizards (D:2)
  6 goblins
  8 rats
98 creatures vanquished.

Vanquished Creatures (others)
  An adder (D:5)
1 creature vanquished.

Grand Total: 99 creatures vanquished

Notes
Turn   | Place    | Note
-------+----------+-------------------------------------------
     0 | D:1      | qw the Gargoyle Hexslinger began the quest for the Orb.
     0 | D:1      | Reached XP level 1. HP: 12/12 MP: 2/2
     0 | D:1      | 0 ||| qw: Version: 0.3-a-52-g30416fa
     0 | D:1      | 0 ||| qw: Game counter: 5176
     0 | D:1      | 0 ||| qw: Melee chars always use a shield: true
     0 | D:1      | 0 ||| qw: God list: Okawaru
     0 | D:1      | 0 ||| qw: Allow faded altars: false
     0 | D:1      | 0 ||| qw: Do Orc after clearing Dungeon:15 true
     0 | D:1      | 0 ||| qw: Do second Lair branch before Depths: true
     0 | D:1      | 0 ||| qw: Lair rune preference: random
     0 | D:1      | 0 ||| qw: Goals: Normal
     0 | D:1      | 0 ||| PLANNING D:1-11
   139 | D:1      | Reached XP level 2. HP: 16/16 MP: 3/3
   142 | D:1      | Found a faded altar of an unknown god.
   165 | D:1      | Reached skill level 3 in Ranged Weapons
   320 | D:1      | Reached XP level 3. HP: 19/21 MP: 4/4
   863 | D:1      | 863 ||| UPGRADING to +0 pair of gloves.
   868 | D:1      | 868 ||| UPGRADING to +0 pair of boots.
   873 | D:1      | 873 ||| UPGRADING to +0 leather armour.
   883 | D:1      | 883 ||| DROPPING +0 robe.
   884 | D:1      | 884 ||| UPGRADING to ring of positive energy.
   885 | D:1      | 885 ||| UPGRADING to +5 ring of evasion.
   886 | D:1      | 886 ||| READING scroll labelled UCWEEN NOBIBBI.
   887 | D:1      | 887 ||| READING scroll labelled FEIRECZ DEOL.
   887 | D:1      | Identified a scroll of acquirement
   887 | D:1      | 887 ||| ACQUIRING +0 helmet of intelligence
   887 | D:1      | Acquired a +0 helmet of intelligence
   889 | D:1      | 889 ||| UPGRADING to +0 helmet of intelligence.
   894 | D:1      | 894 ||| READING scroll labelled ASEPUU ISKI.
   895 | D:1      | 895 ||| READING scroll labelled TEL CAMAKHLUNOA.
   896 | D:1      | 896 ||| READING scroll labelled YSIHUSY KUBB.
   897 | D:1      | 897 ||| READING scroll labelled NEHYNE JAJI.
   902 | D:1      | 902 ||| DROPPING scroll of poison.
   925 | D:2      | Found Ijuma's Book Shop.
  1350 | D:2      | Reached XP level 4. HP: 26/26 MP: 5/5
  1380 | D:2      | 1380 ||| Stepping ~*~*~tactically~*~*~ (outnumbered).
  1383 | D:2      | 1383 ||| Stepping ~*~*~tactically~*~*~ (outnumbered).
  1389 | D:2      | Reached skill level 4 in Ranged Weapons
  1812 | D:3      | Reached XP level 5. HP: 30/30 MP: 6/6
  2092 | D:3      | Noticed Natasha
  2093 | D:3      | 2093 ||| FLEEEEING.
  2095 | D:3      | 2095 ||| STAIRDANCE
  2105 | D:2      | 2105 ||| UPGRADING to +0 ring mail.
  2115 | D:2      | 2115 ||| DROPPING +0 leather armour.
  2116 | D:2      | 2116 ||| DRINKING 2 inky potions.
  2116 | D:2      | Gained mutation: You are partially covered in iridescent
                  | scales. (AC +2) [potion of mutation]
  2121 | D:3      | 2121 ||| STAIRDANCE
  2127 | D:2      | Killed Natasha
  2132 | D:2      | Noticed Natasha
  2140 | D:2      | Killed Natasha
  2426 | D:4      | Found a staircase to the Ecumenical Temple.
  2427 | D:4      | 2427 ||| PLANNING TEMPLE
  2438 | Temple   | Entered the Ecumenical Temple
  2552 | Temple   | 2552 ||| PLANNING D:1-11
  2615 | D:4      | Reached skill level 5 in Ranged Weapons
  2631 | D:4      | Reached XP level 6. HP: 23/36 MP: 7/7
  2890 | D:4      | Reached skill level 3 in Fighting
  3266 | D:4      | Found an ancient bone altar of Kikubaaqudgha.
  3272 | D:4      | Reached skill level 6 in Ranged Weapons
  3272 | D:4      | Reached XP level 7. HP: 41/41 MP: 8/8
  3397 | D:4      | 3397 ||| READING scroll labelled CIMORCH ARCHOS.
  3398 | D:4      | 3398 ||| READING 2 scrolls of identify.
  3398 | D:4      | 3398 ||| IDENTIFYING yellow potion
  3438 | D:5      | Entered Level 5 of the Dungeon
  3641 | D:5      | Noticed Pikel
  3666 | D:5      | Killed Pikel
  3667 | D:5      | Reached skill level 8 in Ranged Weapons
  3667 | D:5      | Reached XP level 8. HP: 36/48 MP: 9/9
  3994 | D:5      | HP: 12/49 [steam dragon] (2)]
  3995 | D:5      | 3995 ||| READING 3 scrolls of teleportation.
  3995 | D:5      | Killed from afar by a steam dragon

Levels and vault maps discovered:
D:1:      psy_arrival_spokes, layout_basic, ebering_ecumenical_altar_box,
          chequers_serial_rivers_room_b, nrook_uturn, minmay_indecisive_spiral
D:2:      minmay_diamond_boxcup, layout_basic, serial_shops,
          nicolae_shop_window_shopping
D:3:      layout_basic, serial_bayou_crossing, uniq_natasha
D:4:      layout_loops_cross, kennysheep_vampire_church,
          minmay_temple_entry_grid
D:5:      layout_loops_corners, uniq_pikel
Temple:   nicolae_temple_superstar

Skill      XL: |  1  2  3  4  5  6  7  8 |
---------------+-------------------------+-----
Ranged Weapons | 3 4 5 6 8 |  8.8
Fighting       | 2 3 4 5 |  5.1
Armour         | 2 |  2.1
Dodging        | |  1.5
Spellcasting   | |  1.0
Hexes          | |  2.6

Action                     |  1- 3 |  4- 6 |  7- 9 || total
---------------------------+-------+-------+-------++-------
   Fire: Sling             |    92 |   144 |   143 ||   379
    Use: Scroll            |     6 |       |     3 ||     9
         Potion            |       |     1 |       ||     1
 Armour: Robe              |     4 |       |       ||     4
         Leather armour    |     5 |     5 |       ||    10
         Ring mail         |       |    32 |    44 ||    76
  Dodge: Dodged            |    34 |    52 |    83 ||   169

Table legend:
 A = Non-vault XP
 B = Vault XP
 C = Vault XP percentage of total XP
 D = Non-vault monster count
 E = Vault monster count
 F = Vault count percentage of total count
                 A         B        C        D         E       F
            +---------+---------+-------+---------+---------+-------
      Total |     978 |     806 |  45.2 |      82 |      17 |  17.2
            +---------+---------+-------+---------+---------+-------
        D:1 |      36 |       4 |  10.0 |      19 |       4 |  17.4
        D:2 |      97 |      40 |  29.2 |      18 |       6 |  25.0
        D:3 |      72 |       0 |   0.0 |      11 |       0 |   0.0
        D:4 |     324 |      65 |  16.7 |      18 |       6 |  25.0
        D:5 |     449 |     697 |  60.8 |      16 |       1 |   5.9
            +---------+---------+-------+---------+---------+-------
